 Dungeon Crawl Stone Soup version 0.30-a0-709-gcdc1b43e22 (webtiles) character file.

Game seed: 597237066141158002

882 Citaku the Covered (level 7, -2/61 HPs)
             Began as a Minotaur Fighter on Jan 22, 2023.
             Was an Initiate of Gozag.
             Slain by an iguana (10 damage)
             ... on level 6 of the Dungeon.
             The game lasted 00:07:30 (3841 turns).

Citaku the Covered (Minotaur Fighter)               Turns: 3841, Time: 00:07:31

Health: -2/61      AC: 13    Str: 23    XL:     7   Next: 76%
Magic:  6/6        EV:  6    Int:  5    God:    Gozag
Gold:   67         SH:  0    Dex:  9    Spells: 6/6 levels left

rFire   . . .      SeeInvis .    o - +0 war axe (heavy)
rCold   . . .      Faith    .    c - +0 buckler
rNeg    . . .      Spirit   .    i - +0 plate armour
rPois   +          Reflect  .    (helmet restricted)
rElec   .          Harm     .    (no cloak)
rCorr   .          Rampage  .    (no gloves)
Will    .....                    (no boots) Stlth
                                 (no amulet)
HPRegen 0.30/turn                n - ring of poison resistance
MPRegen 0.10/turn                (no ring)

@: confused, gold aura
A: horns 2, retaliatory headbutt
a: Renounce Religion, Potion Petition, Call Merchant, Bribe Branch


You were on level 6 of the Dungeon.
You worshipped Gozag.
Gozag was noncommittal.
You visited 2 branches of the dungeon, and saw 7 of its levels.

You collected 353 gold pieces.
You spent 161 gold pieces at shops.
You paid 125 gold pieces to Gozag.

Inventory:

Hand Weapons
 o - a +0 heavy war axe (weapon)
Armour
 c - a +0 buckler (worn)
 i - a +0 plate armour (worn)
Jewellery
 n - a ring of poison resistance (left hand)
Wands
 m - a wand of quicksilver (7)
 u - a wand of charming (9)
Scrolls
 a - 2 scrolls of enchant weapon {unknown}
 b - a scroll of magic mapping {unknown}
 e - 3 scrolls of identify {unknown}
 j - 4 scrolls of teleportation {unknown}
 p - 2 scrolls of poison {unknown}
 q - a scroll of blinking {unknown}
 r - 4 scrolls of vulnerability {unknown}
Potions
 d - a potion of might
 f - 2 potions of magic {unknown}
 g - 2 potions of degeneration {unknown}
 h - a potion of attraction {unknown}
 k - 2 potions of heal wounds {unknown}
 l - a potion of resistance {unknown}
 s - a potion of berserk rage {unknown}
 t - a potion of curing {unknown}


   Skills:
 + Level 5.6 Fighting
 * Level 6.4 Axes
 * Level 7.2 Armour
 + Level 5.6 Shields


You had 6 spell levels left.
You didn't know any spells.
Your spell library was empty.

Dungeon Overview and Level Annotations

Branches:
Dungeon (6/15)             Temple (1/1) D:4

Altars:
Ashenzari
Dithmenos
Fedhas
Gozag
Hepliaklqana
Makhleb
Nemelex Xobeh
Okawaru
Qazlal
Ru
Trog
Uskayaw
Wu Jian
Yredelemnul
Zin

Shops:
D:3 [   D:4 =


Innate Abilities, Weirdness & Mutations

You have a pair of horns on your head.
You reflexively headbutt those who attack you in melee.


Message History

You climb downwards.
The bullfrog hits you but does no damage.
The gnoll hits you but does no damage. x2; The gnoll barely misses you.
You furiously retaliate!
You headbutt the gnoll. The iguana bites you!
The bullfrog hits you but does no damage.
The iguana bites you! The orc wizard casts a spell at you.
You are confused.
The gnoll hits you but does no damage. The gnoll hits you with a +0 flail.
There is a stone staircase leading up here.
The bullfrog barely misses you. The iguana bites you!
The orc wizard closely misses you. The gnoll barely misses you.
The gnoll hits you from afar with a +0 spear.
In your confused state, you trip and fall back down the stairs.
The bullfrog hits you but does no damage.
The gnoll sergeant closely misses you. The bullfrog completely misses you.
The orc wizard hits you with a +0 dagger.
The iguana barely misses you.
The orc wizard hits you but does no damage.
The orc priest looks braver for a moment.
The gnoll hits you from afar with a +0 spear.
The gnoll hits you but does no damage.
The bullfrog hits you but does no damage.
The gnoll sergeant hits you but does no damage.
The iguana bites you but does no damage.
The orc wizard casts a spell at you. The puff of flame hits you!
* * * LOW HITPOINT WARNING * * *
The gnoll hits you but does no damage. The gnoll hits you with a +0 flail.
* * * LOW HITPOINT WARNING * * *
In your confused state, you trip and fall back down the stairs.
* * * LOW HITPOINT WARNING * * *
The bullfrog closely misses you.
The gnoll sergeant hits you but does no damage.
The bullfrog closely misses you. The orc wizard casts a spell at you.
The puff of flame hits you but does no damage.
The iguana bites you!
You die...
Your body crumbles into a pile of gold.

######### $
+..[....#
#..."...# $
...... #...go..#
.>.> #..oog{.#
.... #.g@log.# .
#..##).[..F###.##
..####..########
....?.)..#
......$..# ##
#gg#####
....##..รท...##
...>..<...#..#
.$...$.(.###.###


You could see a gnoll sergeant, a bullfrog, an iguana, an orc priest, 3 orc
wizards and 3 gnolls.

Vanquished Creatures
  A water moccasin (D:6)
  An ogre (D:5)
  A necrophage (D:5)
  2 scorpions
  A hound (D:5)
  A jelly (D:5)
  An orc priest (D:5)
  2 gnoll boudas (D:5)
  3 iguanas
  3 orc wizards
  7 gnolls (D:5)
  5 adders
  A shadow imp (D:5)
  2 worms
  4 dart slugs
  13 orcs
  4 bats
  2 endoplasms
  A giant cockroach (D:3)
  10 goblins
  6 hobgoblins
  4 jackals (D:1)
  5 quokkas
  4 ball pythons
  6 frilled lizards
  4 kobolds
  A rat (D:2)
95 creatures vanquished.

Notes
Turn   | Place    | Note
-------+----------+-------------------------------------------
     0 | D:1      | Citaku the Minotaur Fighter began the quest for the Orb.
     0 | D:1      | Reached XP level 1. HP: 19/19 MP: 0/0
   128 | D:1      | Found a faded altar of an unknown god.
   137 | D:1      | Reached XP level 2. HP: 26/27 MP: 1/1
   146 | D:1      | Reached skill level 4 in Armour
   860 | D:2      | Reached XP level 3. HP: 33/33 MP: 2/2
  1384 | D:3      | Reached XP level 4. HP: 40/40 MP: 3/3
  1389 | D:3      | You fall into a shaft and drop 3 floors!
  1412 | D:6      | Noticed a water moccasin
  1413 | D:6      | Noticed a scorpion
  1418 | D:6      | Killed a water moccasin
  1419 | D:6      | Reached skill level 5 in Armour
  1419 | D:6      | Reached XP level 5. HP: 42/47 MP: 4/4
  1493 | D:5      | Entered Level 5 of the Dungeon
  1493 | D:5      | Found a shadowy altar of Dithmenos.
  1495 | D:5      | Reached XP level 6. HP: 10/53 MP: 5/5
  1501 | D:5      | Reached skill level 5 in Axes
  1703 | D:5      | Reached skill level 5 in Shields
  1726 | D:5      | Reached skill level 5 in Fighting
  1726 | D:5      | Reached skill level 6 in Armour
  1895 | D:4      | Found Zigeef's Jewellery Shop.
  1901 | D:4      | Reached XP level 7. HP: 61/61 MP: 6/6
  2385 | D:3      | Found Eskar's Antique Armour Shoppe.
  2389 | D:3      | Bought a pair of faintly humming gloves for 161 gold pieces
  2389 | D:3      | Identified the +2 pair of gloves "Ynni" {Harm} (You bought
                  | it in a shop on level 3 of the Dungeon)
  2541 | D:3      | Found a hide-covered altar of Uskayaw.
  2740 | D:4      | Found a staircase to the Ecumenical Temple.
  2755 | Temple   | Entered the Ecumenical Temple
  2755 | Temple   | Found a transporter.
  2755 | Temple   | Found a transporter.
  2757 | Temple   | Found a transporter.
  2757 | Temple   | Found a transporter.
  3076 | D:5      | Found a sparkling altar of Nemelex Xobeh.
  3096 | D:5      | Found an ornate altar of the Wu Jian Council.
  3212 | D:5      | Reached skill level 7 in Armour
  3413 | Temple   | Became a worshipper of Gozag Ym Sagoz the Greedy
  3841 | D:6      | Slain by an iguana

Illustrated notes

Levels and vault maps discovered:
D:1:      dpeg_arrival_solitude, layout_loops_ring,
          ebering_ecumenical_altar_ruins, chequers_avenue
D:2:      layout_basic, kennysheep_generic_room_2
D:3:      layout_loops_ring, nicolae_uskayaw_suspiria, serial_shops,
          nicolae_shop_crystal, serial_bayou_crossing
D:4:      layout_rooms, minmay_temple_entry_tees, serial_shops,
          nicolae_shop_hallway_stairs
D:5:      layout_cave_pools, grunt_dithmenos_smoke,
          nicolae_wu_jian_wuxing_cycle, nemelex_diamond_rough_becter
D:6:      layout_gridville, palyth_temple_overflow_mages, uniq_menkaure
Temple:   hellmonk_temple_divided_pantheon

Skill      XL: |  1  2  3  4  5  6  7 |
---------------+----------------------+-----
Armour         | 4 5 6 7 |  7.2
Axes           | 3 4 5 6 |  6.4
Fighting       | 4 5 |  5.6
Shields        | 4 5 |  5.6

Action                     |  1- 3 |  4- 6 |  7- 9 || total
---------------------------+-------+-------+-------++-------
  Melee: War axe           |    83 |    47 |    72 ||   202
         Headbutt          |     9 |     6 |    13 ||    28
    Use: Potion            |       |     1 |       ||     1
 Armour: Scale mail        |    30 |       |       ||    30
         Plate armour      |    15 |    30 |    72 ||   117
  Dodge: Dodged            |    37 |    17 |    32 ||    86
  Block: Buckler           |    18 |    12 |    16 ||    46

Table legend: (Time is in decaauts)
 A = Elapsed time spent in this place.
 B = Non-inter-level travel time spent in this place.
 C = Inter-level travel time spent in this place.
 D = Time resting spent in this place.
 E = Time spent auto-exploring this place.
 F = Levels seen in this place.
 G = Mean time per level.
                   A        B        C        D        E       F      G
               +--------+--------+--------+--------+--------+-----+--------+
         Total |   3952 |   3772 |    180 |      0 |   3004 |   7 |  564.6 |
       Dungeon |   3741 |   3563 |    178 |      0 |   2870 |   6 |  623.5 |
        Temple |    211 |    209 |      2 |      0 |    134 |   1 |  211.0 |
               +--------+--------+--------+--------+--------+-----+--------+

Top non-repeatable levels by time:
     D:5: 1038 daAuts
     D:3: 726 daAuts
     D:1: 698 daAuts
     D:2: 634 daAuts
     D:4: 526 daAuts
  Temple: 211 daAuts
     D:6: 116 daAuts
